 Dungeon Crawl Stone Soup version 0.28.0-45-g0d030f2227 (webtiles) character file.

Game seed: 4415412101276351937

19034 101zpm the Basher (level 12, -13/75 HPs)
             Began as a Gargoyle Fighter on Apr 10, 2022.
             Was a Priest of the Shining One.
             Mangled by a boulder beetle (48 damage)
             ... on level 11 of the Dungeon.
             The game lasted 01:07:41 (21667 turns).

101zpm the Basher (Gargoyle Fighter)               Turns: 21667, Time: 01:07:42

Health: -13/75     AC: 24    Str: 24    XL:     12   Next: 64%
Magic:  12/12      EV: 10    Int: 16    God:    the Shining One [***...]
Gold:   1154       SH: 12    Dex: 19    Spells: 11/11 levels left

rFire   x . .      SeeInvis .   G - +2 flail (protect)
rCold   + + .      Faith    .   i - +0 kite shield {AC+3}
rNeg    + + +      Spirit   .   c - +0 ice dragon scales "Jaawnomn" {rF- rC++ rN+ Regen+ Dex+4 Slay+2}
rPois   ∞          Reflect  .   g - +0 helmet
rElec   +          Harm     .   M - scarf {shadows}
rCorr   .          Rampage  .   R - +2 pair of gloves
Will    .....      Rnd*Tele +   (no boots)
Stlth   ..........              Y - amulet of regeneration
HPRegen 0.00/turn               r - +6 ring of dexterity
MPRegen 0.13/turn               F - +6 ring of intelligence

@: inhibited regen, glowing
A: sickness immunity, AC +8, negative energy resistance 1, electricity
resistance, torment resistance 1, petrification resistance, deformed body,
inhibited regeneration, teleportitis 1
a: Renounce Religion, Divine Shield, Cleansing Flame


You were on level 11 of the Dungeon.
You worshipped the Shining One.
The Shining One was most pleased with you.
You visited 3 branches of the dungeon, and saw 14 of its levels.
You also visited: Bailey.

You collected 1154 gold pieces.

Inventory:

Hand Weapons
 n - a +1 vorpal battleaxe
 G - a +2 flail of protection (weapon)
 K - the +5 dagger "Anovaeso" {flame, rC+ Str+2}
   (You found it on level 5 of the Dungeon)

   It burns those it strikes, dealing additional fire damage.
   Str:       It affects your strength (+2).
   rC:        It protects you from cold.
 V - a +0 long sword
Missiles
 f - 9 boomerangs
 o - 528 stones
 p - 121 bolts
 s - 2 atropa-tipped darts
 z - 3 boomerangs of dispersal
 A - 81 sling bullets
 D - 115 arrows
 E - a curare-tipped dart
 J - 12 poisoned darts (quivered)
 P - a javelin
Armour
 c - the +0 ice dragon scales "Jaawnomn" (worn) {rF- rC++ rN+ Regen+ Dex+4 Slay+2}
   (You found it in a bailey)

   Dex:       It affects your dexterity (+4).
   Slay:      It affects your accuracy & damage with ranged weapons and melee
   (+2).
   rF:        It makes you vulnerable to fire.
   rC:        It greatly protects you from cold.
   rN:        It protects you from negative energy.
   Regen:     It increases your rate of health regeneration.
 g - a +0 helmet (worn)
 i - a +0 kite shield of protection (worn)
 C - a +3 leather armour of cold resistance
 M - a scarf of shadows (worn)
 R - a +2 pair of gloves (worn)
Jewellery
 l - a ring of ice
 r - a +6 ring of dexterity (left hand)
 F - a +6 ring of intelligence (right hand)
 L - a ring of wizardry
 N - an amulet of magic regeneration
 U - a ring of protection from cold
 X - an amulet of faith
 Y - an amulet of regeneration (around neck)
Wands
 a - a wand of flame (4)
 v - a wand of digging (5)
 x - a wand of polymorph (12)
 Z - a wand of iceblast (3)
Scrolls
 j - a scroll of fear
 k - a scroll of vulnerability
 t - 3 scrolls of immolation
 u - 2 scrolls of fog
 y - a scroll of teleportation
 O - a scroll of enchant armour {unknown}
 T - a scroll of silence {unknown}
 W - 2 scrolls of identify
Potions
 b - a potion of ambrosia {unknown}
 d - 3 potions of might
 e - a potion of haste {unknown}
 h - 7 potions of curing
 m - 2 potions of attraction {unknown}
 q - 4 potions of heal wounds
 w - a potion of invisibility
 B - a potion of berserk rage {unknown}
 H - 2 potions of lignification {unknown}
 I - a potion of resistance {unknown}
 Q - a potion of mutation {unknown}
 S - a potion of cancellation {unknown}


   Skills:
 + Level 8.9 Fighting
 + Level 2.4 Short Blades
 * Level 13.9 Maces & Flails
 + Level 5.0 Throwing
 + Level 9.4 Armour
 + Level 2.9 Dodging
 + Level 1.5 Stealth
 + Level 8.9 Shields
 + Level 0.4 Evocations


You had 11 spell levels left.
You didn't know any spells.
Your spell library contained the following spells:

 Spells                   Type           Power      Damage    Failure   Level
 Apportation              Tloc           0%         N/A       83%         1
 Sting                    Tmut/Pois      0%         1d3       83%         1
 Blink                    Tloc           0%         N/A       92%         2
 Corpse Rot               Necr/Air       0%         N/A       92%         2
 Poisonous Vapours        Pois/Air       0%         N/A       92%         2
 Scorch                   Fire           0%         2d5       92%         2
 Lesser Beckoning         Tloc           0%         N/A       99%         3
 Flame Wave               Conj/Fire      0%         2d4       100%        4
 Olgreb's Toxic Radiance  Pois           0%         N/A       100%        4
 Alistair's Intoxication  Tmut/Pois      0%         N/A       100%        5
 Manifold Assault         Tloc           0%         N/A       100%        5
 Conjure Ball Lightning   Conj/Air       0%         3x3d6     100%        6
 Summon Cactus Giant      Summ           0%         N/A       100%        6
 Discord                  Hex            0%         N/A       100%        8
 Disjunction              Tloc           0%         N/A       100%        8


Dungeon Overview and Level Annotations

Branches:
Dungeon (11/15)            Temple (1/1) D:5            Lair (0/6) D:11
    Orc (2/2) D:9             Elf (0/3) Orc:2        Bailey (visited)

Altars:
Ashenzari
Cheibriados
Dithmenos
Elyvilon
Fedhas
Gozag
Hepliaklqana
Kikubaaqudgha
Makhleb
Nemelex Xobeh
Okawaru
Qazlal
Ru
Sif Muna
Trog
Uskayaw
Vehumet
Wu Jian
Xom
Yredelemnul
Zin
The Shining One

Shops:
D:11 (   Orc:1 (*   Orc:2 *?![[


Innate Abilities, Weirdness & Mutations

You are immune to sickness and miasma.
Your stone body is resilient. (AC +8)
You are immune to poison.
You resist negative energy. (rN+)
You are resistant to electric shocks. (rElec)
You are resistant to unholy torment.
You are immune to petrification.
Armour fits poorly on your strangely shaped body.
You do not regenerate when monsters are visible.
You are occasionally teleported next to monsters.


Message History

There is an open door here.
You see here a +0 chain mail.
D - 115 arrows (gained 10)
You open the door.
There is an open door here.
There is an open door here.
You open the door.
There is an open door here.
A boulder beetle comes into view.
The boulder beetle curls into a ball and begins rolling!
Throw: 14 darts (poison)
Press: ? - help, Q - select action, (/) - cycle Shift-Dir - straight line, f - boulder beetle
Aim: a boulder beetle (rolling, 91% to hit)
You throw a poisoned dart.
The poisoned dart hits the boulder beetle.
Throw: 13 darts (poison)
Press: ? - help, Q - select action, (/) - cycle Shift-Dir - straight line, f/p - boulder beetle
Aim: a boulder beetle (rolling, 91% to hit)
You throw a poisoned dart.
The poisoned dart hits the boulder beetle.
The boulder beetle is poisoned.
There is an open door here.
You hit the boulder beetle but do no damage.
Your weapon exudes an aura of protection.
The boulder beetle is lightly wounded.
The boulder beetle hits you!!!
Ouch! That really hurt!
The boulder beetle stops rolling and uncurls.
You are too injured to fight recklessly!
You are too injured to fight recklessly!
You are too injured to fight recklessly!
You are too injured to fight recklessly!
You are too injured to fight recklessly!
The boulder beetle looks more healthy.
The boulder beetle leaps!
The boulder beetle waves its antennae.
The boulder beetle curls into a ball and begins rolling!
Okay, then.
The boulder beetle hits you!!!
Ouch! That really hurt!
You die...

........##))...........##..).....
>.......##.#.........#..#........
........#..#.........##.'........
........'.##.........####........
........####.........# #........
........# #.........# #........
........# #.........# ###'#####
######### #####.##### #.### ##
#@# #...### .# #B# ###....
'######## #○# ######### ........#
#°# #........ ........# #°#
#........ ........#
###.########........
........######○.........'........
........'..B...#.########........
°.......########.# #........


You could see a boulder beetle (rolling).

Vanquished Creatures
  3 two-headed ogres
  3 orc high priests
  6 orc knights
  4 orc sorcerers (Orc:1)
  An unseen horror (D:11)
  3 trolls
  A hornet (D:9)
  Sigmund (D:3)
  2 wraiths (D:11)
  8 yaks
  4 vampire mosquitoes
  2 wargs (Orc:2)
  Edmund (D:4)
  An acid dragon (D:10)
  31 orc warriors
  An ice beast (D:6)
  4 ogres
  A sky beast (D:7)
  2 black bears
  4 necrophages
  4 centaurs
  A phantom (D:4)
  2 kobold brigands
  3 bullfrogs
  3 scorpions
  13 killer bees
  3 wights (D:7)
  3 howler monkeys
  5 jellies
  A bullfrog zombie (D:5)
  2 centaur zombies
  8 hounds
  A gnoll shaman (D:7)
  9 orc priests
  A centaur skeleton (D:5)
  2 bullfrog skeletons
  Ijyb (D:3)
  Terence (D:2)
  Natasha (thrice) (D:3)
  2 iguanas
  12 orc wizards
  A killer bee zombie (D:6)
  2 hound skeletons (D:4)
  Robin (D:2)
  2 howler monkey zombies
  6 adders
  10 gnolls
  A howler monkey skeleton (D:7)
  2 white imps
  An ufetubus (D:6)
  An adder skeleton (D:5)
  3 worms
  87 orcs
  6 ball pythons
  18 endoplasms
  6 giant cockroaches
  13 goblins
  13 hobgoblins
  4 jackals
  28 kobolds
  8 quokkas
  4 bats
  4 frilled lizards (D:2)
  5 rats
389 creatures vanquished.

Vanquished Creatures (others)
  An orc wizard (Orc:2)
  An orc (Orc:1)
  8 fungi (D:2)
  6 plants
  5 toadstools (D:2)
21 creatures vanquished.

Grand Total: 410 creatures vanquished

Notes
Turn   | Place    | Note
-------+----------+-------------------------------------------
     0 | D:1      | 101zpm the Gargoyle Fighter began the quest for the Orb.
     0 | D:1      | Reached XP level 1. HP: 14/14 MP: 1/1
    38 | D:1      | Found a faded altar of an unknown god.
   153 | D:1      | Reached XP level 2. HP: 16/19 MP: 2/2
   852 | D:2      | Noticed Terence
   862 | D:2      | Killed Terence
   863 | D:2      | Reached XP level 3. HP: 23/24 MP: 3/3
  1197 | D:2      | Reached XP level 4. HP: 17/29 MP: 4/4
  1252 | D:2      | Noticed Robin
  1259 | D:2      | Killed Robin
  1260 | D:2      | Reached skill level 3 in Maces & Flails
  1803 | D:1      | Reached XP level 5. HP: 16/33 MP: 5/5
  2566 | D:2      | Reached skill level 4 in Maces & Flails
  3046 | D:3      | Reached XP level 6. HP: 39/39 MP: 6/6
  3059 | D:3      | Noticed Natasha
  3061 | D:3      | You fall into a shaft and drop 2 floors!
  3061 | D:5      | Entered Level 5 of the Dungeon
  3150 | D:6      | Noticed a necrophage
  3202 | D:4      | Reached skill level 5 in Maces & Flails
  3450 | D:4      | Reached XP level 7. HP: 28/44 MP: 7/7
  3596 | D:3      | Reached skill level 1 in Dodging
  3699 | D:3      | Noticed Sigmund
  3743 | D:2      | Reached skill level 6 in Maces & Flails
  3947 | D:3      | Killed Sigmund
  4153 | D:3      | Killed Natasha
  4298 | D:3      | Noticed Ijyb
  4312 | D:3      | Killed Ijyb
  4458 | D:3      | Noticed Natasha
  4469 | D:3      | Killed Natasha
  4589 | D:3      | Noticed Natasha
  4596 | D:3      | Killed Natasha
  4597 | D:3      | Reached XP level 8. HP: 48/48 MP: 8/8
  4728 | D:3      | Reached skill level 5 in Fighting
  5190 | D:4      | Noticed Edmund
  5198 | D:4      | Reached skill level 7 in Maces & Flails
  5216 | D:4      | Killed Edmund
  5217 | D:4      | Reached skill level 5 in Armour
  5758 | D:4      | Found a glowing golden altar of the Shining One.
  6264 | D:4      | Became a worshipper of the Shining One
  6593 | D:5      | Reached skill level 8 in Maces & Flails
  6667 | D:5      | Reached skill level 1 in Stealth
  6667 | D:5      | Reached XP level 9. HP: 44/54 MP: 9/9
  7229 | D:5      | Found a staircase to the Ecumenical Temple.
  7349 | D:5      | Identified the +5 dagger "Anovaeso" {flame, rC+ Str+2}
  7403 | Temple   | Entered the Ecumenical Temple
  8066 | D:6      | Reached skill level 9 in Maces & Flails
  8119 | D:6      | Reached * piety under the Shining One
  8420 | D:6      | Reached skill level 5 in Shields
  8636 | D:6      | Reached skill level 1 in Short Blades
  9758 | D:7      | Reached XP level 10. HP: 59/60 MP: 10/10
 10067 | D:7      | Reached ** piety under the Shining One
 10206 | D:8      | Reached skill level 10 in Maces & Flails
 11130 | D:9      | Found a flagged portal.
 11139 | D:9      | Reached skill level 11 in Maces & Flails
 11143 | Bailey   | Entered a bailey
 11855 | Bailey   | Noticed an orc knight
 12051 | Bailey   | Reached skill level 1 in Throwing
 12120 | Bailey   | Killed an orc knight
 12779 | Bailey   | Identified the +0 ice dragon scales "Jaawnomn" {rF- rC++
                  | rN+ Regen+ Dex+4 Slay+2}
 12939 | D:9      | Reached XP level 11. HP: 57/67 MP: 11/11
 13119 | D:9      | Reached skill level 12 in Maces & Flails
 13203 | D:9      | Noticed a two-headed ogre
 13215 | D:9      | Killed a two-headed ogre
 13638 | D:9      | Found a staircase to the Orcish Mines.
 13797 | Orc:1    | Entered Level 1 of the Orcish Mines
 13804 | Orc:1    | Noticed an orc knight
 14420 | D:9      | Killed an orc knight
 14692 | Orc:1    | Found Koiggietu's Weapon Shoppe.
 14750 | Orc:1    | Found Plog's Book Shop.
 14872 | Orc:1    | Noticed a two-headed ogre
 14884 | Orc:1    | Killed a two-headed ogre
 15093 | Orc:2    | Entered Level 2 of the Orcish Mines
 15093 | Orc:2    | Found Kadupsoe's Assorted Antiques.
 15096 | Orc:2    | Noticed an orc sorcerer
 15102 | Orc:2    | Paralysed by an orc sorcerer for 6 turns
 15127 | Orc:1    | Killed an orc sorcerer
 15314 | Orc:2    | Found a staircase to the Elven Halls.
 15451 | Orc:2    | Noticed an orc knight
 16296 | Orc:2    | Killed an orc knight
 16297 | Orc:2    | Reached skill level 13 in Maces & Flails
 16535 | Orc:2    | Reached *** piety under the Shining One
 16540 | Orc:2    | Noticed an orc knight
 16541 | Orc:2    | Noticed an orc knight
 16541 | Orc:2    | Noticed an orc high priest
 16541 | Orc:2    | Noticed an orc high priest
 16541 | Orc:2    | Noticed an orc sorcerer
 16605 | Orc:1    | Killed an orc knight
 16825 | Orc:2    | Noticed a soul eater
 16837 | Orc:1    | Killed an orc sorcerer
 16838 | Orc:1    | Reached XP level 12. HP: 36/74 MP: 12/12
 17642 | Orc:2    | Gained mutation: You have hidden genetic defects. [a
                  | neqoxec]
 17644 | Orc:2    | Gained mutation: You are occasionally teleported next to
                  | monsters. [a neqoxec]
 17690 | Orc:2    | Killed an orc high priest
 18175 | Orc:2    | Noticed a soul eater
 18194 | Orc:2    | Noticed a soul eater
 18328 | Orc:2    | Noticed a sun demon
 18557 | Orc:1    | Noticed an ettin
 18559 | Orc:1    | Found Derul's Assorted Antiques.
 18713 | Orc:2    | Noticed an orc high priest
 19111 | Orc:1    | Killed an orc high priest
 19238 | Orc:2    | Killed an orc high priest
 19244 | Orc:2    | Gained mutation: Armour fits poorly on your strangely
                  | shaped body. [hidden defects]
 19689 | Orc:2    | Found Qinn's Magic Scroll Boutique.
 19689 | Orc:2    | Found Ywaip's Distillery.
 19695 | Orc:2    | Found Ugapnov's Armour Boutique.
 19695 | Orc:2    | Found Adir's Armour Emporium.
 20456 | D:10     | Entered Level 10 of the Dungeon
 20547 | D:10     | Noticed a two-headed ogre
 20560 | D:10     | Killed a two-headed ogre
 20561 | D:10     | Reached skill level 5 in Throwing
 21142 | D:11     | Found Azis's Firing Range.
 21251 | D:11     | Gained mutation: You do not regenerate when monsters are
                  | visible. [hidden defects]
 21251 | D:11     | Lost mutation: You have hidden genetic defects. [hidden
                  | defects expressed]
 21531 | D:11     | Found a staircase to the Lair.
 21649 | D:11     | Noticed a boulder beetle
 21667 | D:11     | Mangled by a boulder beetle

Illustrated notes

Levels and vault maps discovered:
D:1:      sevenhm_arrival_forest_fort_large_2, layout_loops_ring,
          shapermc_ecumenical_altar_mp_highgroup,
          amcnicky_mini_rare_corridor_liquid
D:2:      cheibrodos_fertilizer, layout_basic, minmay_heptomino_o4, uniq_robin,
          uniq_terence
D:3:      layout_basic, uniq_ijyb, uniq_natasha, uniq_sigmund
D:4:      layout_gridville, lemuel_tele_altar, uniq_edmund
D:5:      corexii_shantytown, layout_rooms, minmay_temple_entry_gardened_gates
D:6:      layout_loops_cross, corner_web_ring, chequers_serial_rivers_large_b,
          grunt_ministairs_14
D:7:      layout_loops_cross
D:8:      layout_rooms
D:9:      layout_roguey, david_orc_2, enter_bailey_6, dk_rats_in_the_wall
D:10:     layout_cave_pools
D:11:     layout_roguey, lair_entry_dummy, nicolae_shop_firing_range
Temple:   compressed_dpeg_triangle_lava_temple
Orc:1:    layout_caves, serial_shops, nicolae_shop_hallway_plus,
          nicolae_shop_bloodbath_and_beyond, nicolae_shop_crystal,
          nicolae_shop_trees
Orc:2:    grunt_orc_tribal_feast, layout_caves, serial_shops,
          nicolae_shop_overgrown_old_shop

Skill      XL: |  1  2  3  4  5  6  7  8  9 10 11 12 |
---------------+-------------------------------------+-----
Fighting       | 4 5 6 7 8 |  8.9
Maces & Flails | 3 4 5 6 8 9 11 13 | 13.9
Armour         | 4 6 7 8 9 |  9.4
Dodging        | 1 2 |  2.9
Shields        | 4 5 6 7 8 |  8.9
Stealth        | 1 |  1.5
Short Blades   | 2 |  2.4
Throwing       | 2 3 5 |  5.0
Evocations     | |  0.4

Action                   |  1- 3 |  4- 6 |  7- 9 | 10-12 || total
-------------------------+-------+-------+-------+-------++-------
Melee: Flail             |    76 |    67 |   150 |   850 ||  1143
       Whip              |       |   129 |   224 |       ||   353
       Dagger            |       |       |   132 |       ||   132
Throw: Throwing net      |       |       |     5 |     2 ||     7
       Javelin           |       |       |     1 |     6 ||     7
       Dart              |       |       |       |   138 ||   138
       Stone             |       |       |       |    14 ||    14
       Boomerang         |       |       |       |    27 ||    27
Invok: Divine Shield     |       |       |       |     1 ||     1
Evoke: Wand              |       |       |       |     6 ||     6
  Use: Scroll            |       |       |       |    10 ||    10
       Potion            |       |       |       |     3 ||     3
Armor: Scale mail        |    41 |    82 |   209 |     2 ||   334
       Plate armour      |       |       |       |   513 ||   513
       Ice dragon scales |       |       |       |    53 ||    53
Dodge: Dodged            |    38 |    66 |   211 |   247 ||   562
Block: Buckler           |    25 |    42 |   121 |    92 ||   280
       Kite shield       |       |       |       |   382 ||   382
